 Dungeon Sprint DCSS version 0.27.1-1-g398f81649c (webtiles) character file.

Game seed: 6261330422627341596

121 ugugthedestroyer the Skirmisher (level 4, -8/43 HPs)
             Began as a Demonspawn Abyssal Knight on Sept 6, 2021.
             Was a Priest of Lugonu.
             Killed from afar by a white imp (9 damage)
             ... with a puff of frost
             ... in the Dungeon (Sprint VII: "The Pits").
             The game lasted 00:01:17 (107 turns).

ugugthedestroyer the Skirmisher (DsAK)               Turns: 107, Time: 00:01:19

Health: -8/43      AC:  3    Str: 14    XL:     4   Next: 77%
Magic:  4/7        EV: 12    Int: 13    God:    Lugonu [***...]
Gold:   0          SH:  0    Dex: 12    Spells: 3/3 levels left

rFire    . . .     SeeInvis .   i - +2 hand axe
rCold    . . .     Faith    .   (no shield)
rNeg     . . .     Spirit   .   b - +0 leather armour
rPois    .         Reflect  .   (no helmet)
rElec    .         Harm     .   (no cloak)
rCorr    .         Rampage  .   (no gloves)
Will     .....     NoTele   +   (no boots)
Stlth    +.........             (no amulet)
HPRegen  0.14/turn              (no ring)
MPRegen  0.10/turn              (no ring)

@: no status effects
A: claws 1, powered by death 1
a: Renounce Religion, Bend Space, Banish


You were in the Dungeon.
You worshipped Lugonu.
Lugonu was most pleased with you.
You visited 1 branch

Inventory:

Hand Weapons
 a - a +1 hand axe
 i - a +2 hand axe (weapon)
Armour
 b - a +0 leather armour (worn)
Scrolls
 h - a scroll of blinking
 k - 5 scrolls of amnesia
 l - a scroll of summoning
Potions
 c - a potion of curing
 e - a potion of haste
 f - 4 potions of magic
 g - 3 potions of berserk rage
 j - 2 potions of invisibility


   Skills:
 + Level 7.4 Fighting
 + Level 3.9 Axes
 + Level 3.7 Armour
 + Level 2.3 Dodging
 + Level 4.5 Invocations


You had 3 spell levels left.
You didn't know any spells.
Your spell library was empty.

Dungeon Overview and Level Annotations

Branches:
Dungeon (1/1)

Altars:
Ashenzari
Cheibriados
Dithmenos
Elyvilon
Fedhas
Gozag
Hepliaklqana
Kikubaaqudgha
Makhleb
Nemelex Xobeh
Okawaru
Qazlal
Ru
Sif Muna
Trog
Uskayaw
Vehumet
Wu Jian
Xom
Yredelemnul
Zin
The Shining One
Beogh
Jiyva
Lugonu


Innate Abilities, Weirdness & Mutations

You have sharp fingernails.
You regenerate a little health from kills.


Message History

You hit the orc.
The orc is moderately wounded.
The orc barely misses you.
The river rat twitches its whiskers.
You hit the orc but do no damage.
The orc is moderately wounded.
The orc barely misses you.
You hit the orc but do no damage.
The orc is moderately wounded.
You hit the white imp. The orc hits you with a +0 dagger.
The white imp gestures at you. The puff of frost hits you!
The orc barely misses you.
You hit the orc.
The orc is severely wounded.
You hit the gnoll. You hit the white imp. The gnoll closely misses you.
The white imp hits you. The white imp freezes you. The orc barely misses you.
You hit the orc.
You kill the orc!
Lugonu accepts your kill.
You hit the gnoll. You closely miss the white imp.
The gnoll closely misses you. The white imp closely misses you.
You hit the river rat.
The river rat is moderately wounded.
You barely miss the white imp. You hit the gnoll. The gnoll barely misses you.
The river rat bites you but does no damage.
The white imp gestures at you. The puff of frost hits you!
You closely miss the river rat.
The river rat is moderately wounded.
You hit the gnoll. You hit the white imp but do no damage.
The gnoll hits you with a +0 flail.
* * * LOW HITPOINT WARNING * * *
The river rat closely misses you.
The white imp hits you but does no damage.
The gnoll hits you with a +0 flail!
* * * LOW HITPOINT WARNING * * *
The white imp lashes its tail.
The white imp gestures at you. The puff of frost hits you!
You die...

#...........'.........
#+#####'#####......#..
#..#.†# #.........
#..'..# ####'#####
#..#### #.......#
#..#..# #.......#
#..#..# #.......#
##'#5.#+###...<...#
#..@r....##.......#
#...g....##.......#
###########.......#
#########


You could see a gnoll, a river rat and a white imp.

Vanquished Creatures
  A floating eye (D)
  A river rat (D)
  An ufetubus (D)
  An orc (D)
  A giant cockroach (D)
  A quokka (D)
  A ball python skeleton (D)
7 creatures vanquished.

Notes
Turn   | Place    | Note
-------+----------+-------------------------------------------
     0 | D        | ugugthedestroyer the Demonspawn Abyssal Knight began the
                  | quest for the Orb.
     0 | D        | Reached XP level 1. HP: 18/18 MP: 2/2
    18 | D        | Reached skill level 1 in Dodging
    44 | D        | Found a bloodstained altar of Trog.
    44 | D        | Found a shimmering blue altar of Sif Muna.
    44 | D        | Found a viscous altar of Jiyva.
    44 | D        | Found a hazy altar of Hepliaklqana.
    44 | D        | Found an opulent altar of Gozag.
    47 | D        | Found a basalt altar of Yredelemnul.
    47 | D        | Found a shimmering altar of Xom.
    47 | D        | Found an ornate altar of the Wu Jian Council.
    47 | D        | Found a sacrificial altar of Ru.
    47 | D        | Found a stormy altar of Qazlal.
    47 | D        | Found an iron altar of Okawaru.
    47 | D        | Found a sparkling altar of Nemelex Xobeh.
    47 | D        | Found a burning altar of Makhleb.
    47 | D        | Found a blossoming altar of Fedhas.
    47 | D        | Found a shadowy altar of Dithmenos.
    47 | D        | Found a snail-covered altar of Cheibriados.
    50 | D        | Found a corrupted altar of Lugonu.
    50 | D        | Found a radiant altar of Vehumet.
    51 | D        | Found an ancient bone altar of Kikubaaqudgha.
    51 | D        | Found a hide-covered altar of Uskayaw.
    51 | D        | Found a broken altar of Ashenzari.
    80 | D        | Reached ** piety under Lugonu
    81 | D        | Reached skill level 4 in Fighting
    83 | D        | Gained mutation: You regenerate a little health from kills.
                  | [demonic ancestry]
    83 | D        | Reached XP level 2. HP: 22/26 MP: 2/4
    86 | D        | Noticed a floating eye
    89 | D        | Paralysed by a floating eye for 3 turns
    93 | D        | Killed a floating eye
    94 | D        | Reached skill level 7 in Fighting
    94 | D        | Gained mutation: You have sharp fingernails. [demonic
                  | ancestry]
    94 | D        | Reached XP level 3. HP: 29/36 MP: 3/6
    94 | D        | Reached XP level 4. HP: 35/43 MP: 3/7
    94 | D        | Reached *** piety under Lugonu
   107 | D        | HP: 1/43 [gnoll (9)]
   107 | D        | Killed from afar by a white imp

Illustrated notes

Levels and vault maps discovered:
D:        pitsprint [storerooms_1, entrance_room_1, metal_vault_5, armoury_1,
          mini_pit_1, grid_room_1, main_hall_1, silver_pit, the_coven_1,
          the_vestibule_1, steel_vault_3, golden_pit, hallway_of_sentries,
          crystal_vault_1, iron_vault_4, final_vault]

Skill      XL: |  1  2 |
---------------+-------+-----
Axes           | 2 3 |  3.9
Armour         | 2 3 |  3.7
Dodging        | 1 2 |  2.3
Fighting       | 4 7 |  7.4
Invocations    | 3 4 |  4.5

Action                   |  1- 3 |  4- 6 || total
-------------------------+-------+-------++-------
Melee: Hand axe          |    15 |     8 ||    23
  Use: Potion            |     1 |       ||     1
Armor: Leather armour    |    10 |     2 ||    12
Dodge: Dodged            |    19 |    10 ||    29
